AoeStats
← 13645570128

Arena

509909582Analyzed
1v1 RM · 4d ago on Sep 28, 2026· 40m 54s· 2 players
Game mode
Random Map
Map size
Tiny (2 player)
Population
200
Speed
Normal
Resources
Standard
Victory
Conquest
Starting age
Dark Age
Ending age
Imperial Age
RankedLock teamsTeams togetherTeam positionsShared explorationLock speedFull tech treeHidden civsTurbo modeCheats
Victory
Defeat
🇭🇰 Mongols · Hong Kong SAR China
561
+18
🇲🇽 Hindustanis · Mexico
613
-27
Randy
11:29 Feudal Age
9:46 Loom
13:36 Double-Bit Axe
13:34 Horse Collar
20:31 Castle Age
23:43 Bow Saw
31:00 Scale Barding Armor
30:56 Scale Mail Armor
31:06 Forging
36:08 Imperial Age
35:48 Chain Mail Armor
35:55 Bloodlines
41:03 Ballistics
41:44 Chemistry
41:07 Chain Barding Armor
40:39 Fletching
13645570128
11:29 Feudal Age
11:55 Double-Bit Axe
12:49 Stone Mining
19:42 Castle Age
17:39 Horse Collar
19:02 Gold Mining
21:04 Stone Shaft Mining
25:55 Husbandry
26:38 Bow Saw
28:34 Wheelbarrow
30:59 Heavy Plow
30:24 Pikeman
32:36 Gold Shaft Mining
36:50 Imperial Age
34:55 Ballistics
35:05 Fletching
36:58 Hand Cart
36:39 Town Watch
37:40 Bloodlines
37:59 Conscription
39:18 Chemistry
40:11 Murder Holes
Connection lost

Rejoining the realm…

Still unreachable

The connection could not be restored.

Session expired

The server has moved on; the page needs a fresh start.